Capitals vs Sharks
Created - January 25, 2022 at 23:37
Goals
|
Capitals |
4 |
1 |
1 |
6 |
Sharks |
0 |
2 |
3 |
5 |
|
Shots
|
Capitals |
12 |
10 |
18 |
40 |
Sharks |
13 |
10 |
10 |
33 |
|
1st period
1. Capitals , Mark Stone 3 (Sean Monahan 8, Steve Bernier 1) at 1:33
2. Capitals , Jason Spezza 11 (Mike Cammalleri 5) at 5:52
3. Capitals , Jason Spezza 12 (Mike Cammalleri 6, Steve Bernier 2) at 7:24
4. Capitals , Brad Richardson 5 (Trevor Daley 2) at 16:40
Penalties :
Jason Spezza (Was) for High sticking (Minor) at 7:35
2nd period
5. Capitals , Steve Bernier 1 (Jason Spezza 11, Mike Cammalleri 7) at 1:37
6. Sharks , Corey Perry 7 (Gilbert Brule 4) at 1:45
7. Sharks , Bobby Butler 2 (Zach Boychuk 1, Boone Jenner 2) at 16:15
Penalties :
Nick Palmieri (S.J) for Hooking (Minor) at 8:45, Nick Palmieri (S.J) for Interference (Minor) at 11:06, Trevor Daley (Was) for Interference (Minor) at 13:48, Oskar Osala (S.J) for Tripping (Minor) at 18:43
3rd period
8. Sharks , Corey Perry 8 (Gilbert Brule 5, Drew Doughty 17) at 3:42
9. Sharks , Milan Michalek 4 (Brandon Dubinsky 7) at 5:05
10. Capitals , Jason Spezza 13 (Steve Bernier 3, Cameron Gaunce 6) at 9:31
11. Sharks , Brandon Dubinsky 3 (Karl Alzner 9) at 13:23 (PP)
Penalties :
Patrick Sharp (Was) for Hooking (Minor) at 12:47
Goalie Stats
Jonathan Bernier (Was), 28 saves from 33 shots - (0.848), W, 2-2-1, 60:00 minutes
Keith Kinkaid (S.J), 26 saves from 28 shots - (0.929), L, 1-4-0, 43:20 minutes
Ryan Miller (S.J), 8 saves from 12 shots - (0.667), 16:40 minutes
Players Stats for Capitals
Player Name G A P +/- PIM S H SB GA TA FO MP PP MP PK MP
------------------------------------------------------------------------------------
Alexei Marchenko 0 0 0 0 0 1 0 0 0 0 0/0 21:09 1:32 2:54
Blake Pietila 0 0 0 -1 0 2 3 0 0 0 0/1 14:29 2:06 0:46
Brad Richardson 1 0 1 1 0 2 2 0 0 0 4/5 10:53 0:10 0:58
Cameron Gaunce 0 1 1 0 0 1 0 1 0 0 0/0 19:56 1:32 1:40
Dustin Brown 0 0 0 1 0 5 0 0 0 0 0/0 11:53 0:10 0:53
Jared Spurgeon 0 0 0 2 0 1 0 1 0 0 0/0 10:59 0:00 0:00
Jason Spezza 3 1 4 3 2 11 3 0 0 0 20/41 23:46 3:41 1:48
Mark Stone 1 0 1 -1 0 2 0 0 0 2 0/0 15:00 3:41 0:00
Mike Cammalleri 0 3 3 3 0 1 3 0 0 0 1/1 21:15 3:40 0:09
Patrick Sharp 0 0 0 -1 2 1 1 1 0 0 0/1 9:46 0:11 0:00
PK Subban 0 0 0 0 0 1 1 3 0 0 0/0 29:05 4:25 2:54
Samuel Morin 0 0 0 1 0 0 3 0 0 1 0/0 13:23 0:00 2:46
Sean Monahan 0 1 1 -1 0 2 2 0 1 0 7/13 15:31 2:06 1:35
Steve Bernier 1 3 4 3 0 4 0 0 1 1 1/1 17:26 0:00 0:00
T.J. Oshie 0 0 0 -1 0 4 2 0 0 0 0/0 12:00 2:06 0:00
Trevor Daley 0 1 1 2 2 0 0 1 0 0 0/0 11:11 0:00 0:00
Victor Hedman 0 0 0 0 0 1 1 2 1 0 0/0 27:52 4:25 1:40
William Karlsson 0 0 0 -1 0 1 1 0 0 1 1/4 9:49 0:00 0:13
Players Stats for Sharks
Player Name G A P +/- PIM S H SB GA TA FO MP PP MP PK MP
------------------------------------------------------------------------------------
Bobby Butler 1 0 1 1 0 3 0 0 0 0 0/0 12:54 0:05 0:00
Boone Jenner 0 1 1 1 0 6 2 0 0 0 4/6 14:21 0:05 1:04
Brandon Dubinsky 1 1 2 0 0 3 0 1 1 0 10/19 16:34 2:12 1:07
Brayden McNabb 0 0 0 -2 0 0 1 0 0 0 0/0 10:17 0:00 0:00
Corban Knight 0 0 0 -2 0 1 0 1 0 0 0/4 5:44 0:00 0:00
Corey Perry 2 0 2 -1 0 3 1 0 1 0 0/0 20:25 2:17 0:00
David Booth 0 0 0 -1 0 2 3 1 1 0 2/3 22:20 2:12 3:28
Dion Phaneuf 0 0 0 -2 0 2 0 0 0 0 0/0 25:31 2:10 3:51
Drew Doughty 0 1 1 -2 0 3 1 2 1 2 0/0 29:56 2:10 3:51
Gilbert Brule 0 2 2 -1 0 0 2 0 0 0 17/34 24:04 2:17 3:31
Karl Alzner 0 1 1 2 0 1 2 1 0 1 0/0 19:47 2:24 2:06
Milan Michalek 1 0 1 0 0 4 0 1 0 0 0/0 17:35 2:12 2:09
Nick Palmieri 0 0 0 -1 4 2 0 1 1 0 0/1 21:18 2:22 0:00
Oskar Osala 0 0 0 -2 2 0 1 0 0 0 0/0 5:58 0:00 0:00
Patrick Wey 0 0 0 0 0 0 0 0 0 0 0/0 4:25 0:00 0:00
Steve Eminger 0 0 0 -2 0 0 0 3 0 0 0/0 10:17 0:00 0:00
Tyler Cuma 0 0 0 2 0 2 2 2 0 0 0/0 19:47 2:24 2:06
Zach Boychuk 0 1 1 0 0 1 2 0 0 0 0/0 12:47 0:00 0:35
3 Stars
1 - Jason Spezza (Was)
2 - Steve Bernier (Was)
3 - Mike Cammalleri (Was)
Power Play
Capitals - 0 on 3 Attempt(s) - 0.00%
Sharks - 1 on 3 Attempt(s) - 33.33%
Penalty Kill
Capitals - 2 on 3 Attempt(s) - 66.67%
- Score 0 goal in Penalty Kill
Sharks - 3 on 3 Attempt(s) - 100.00%
- Score 0 goal in Penalty Kill
Team Stat
Capitals - Hits : 22 - Faceoff Wins : 34 - Blocked Shots : 9 - Penalty Minutes : 6
Sharks - Hits : 17 - Faceoff Wins : 33 - Blocked Shots : 13 - Penalty Minutes : 6
Official
Referees : Brian Pochmara and Frederick L'Ecuyer
Linesman : Kory Nagy and Tony Sericolo
Game Notes
Keith Kinkaid enters game at 16:40 of 1st period
Jason Spezza has scored a Hat Trick!
Finance
Level 1 -- Attendance: 5638 (93.97%) -- Ticket Income $563,800
Level 2 -- Attendance: 4574 (91.48%) -- Ticket Income $274,440
Level 3 -- Attendance: 1872 (93.60%) -- Ticket Income $65,520
Level 4 -- Attendance: 3736 (93.40%) -- Ticket Income $93,400
Luxury Box -- Attendance: 895 (89.50%) -- Ticket Income $179,000
Game was played at the SAP Center.
Total Attendance: 16715 (92.86%)
Total Ticket Income: $1,176,160
Other Income: $176,424
Total Income: $1,352,584
Capitals
5 vs 5 Forward
Center Left Wing Right Wing Time % Phy DF OF
1 Jason Spezza Mike Cammalleri Steve Bernier 35 0 1 4
2 Sean Monahan Blake Pietila Mark Stone 25 0 2 3
3 William Karlsson Patrick Sharp T.J. Oshie 20 0 2 3
4 Brad Richardson Samuel Morin Dustin Brown 20 0 3 2
5 vs 5 Defense
Defense Defense Time % Phy DF OF
1 Victor Hedman PK Subban 40 0 2 3
2 Alexei Marchenko Cameron Gaunce 30 0 2 3
3 Trevor Daley Jared Spurgeon 20 0 3 2
4 Victor Hedman PK Subban 10 0 1 4
PowerPlay Forward
Center Left Wing Right Wing Time % Phy DF OF
1 Jason Spezza Mike Cammalleri Mark Stone 60 0 1 4
2 Sean Monahan Blake Pietila T.J. Oshie 40 0 1 4
PowerPlay Defense
Defense Defense Time % Phy DF OF
1 PK Subban Victor Hedman 60 0 2 3
2 Cameron Gaunce Alexei Marchenko 40 0 2 3
Penalty Kill 4 Players Forward
Center Wing Time % Phy DF OF
1 Jason Spezza Samuel Morin 60 0 4 1
2 Sean Monahan Dustin Brown 40 0 4 1
Penalty Kill 4 Players Defense
Defense Defense Time % Phy DF OF
1 PK Subban Alexei Marchenko 60 0 4 1
2 Victor Hedman Cameron Gaunce 40 0 4 1
Penalty Kill - 3 Players Forward
Forward Time % Phy DF OF
1 Jason Spezza 60 0 5 0
2 Sean Monahan 40 0 5 0
Penalty Kill - 3 Players Defense
Defense Defense Time % Phy DF OF
1 PK Subban Cameron Gaunce 60 0 5 0
2 Victor Hedman Alexei Marchenko 40 0 5 0
4 vs 4 Forward
Center Wing Time % Phy DF OF
1 Jason Spezza Mike Cammalleri 60 0 2 3
2 Sean Monahan Mark Stone 40 0 2 3
4 vs 4 Defense
Defense Defense Time % Phy DF OF
1 PK Subban Victor Hedman 60 0 2 3
2 Cameron Gaunce Alexei Marchenko 40 0 2 3
Last Minutes Offensive
Center Left Wing Right Wing Defense Defense
Jason Spezza Mike Cammalleri Mark Stone PK Subban Victor Hedman
Last Minutes Defensive
Center Left Wing Right Wing Defense Defense
Jason Spezza Samuel Morin Dustin Brown PK Subban Victor Hedman
Goaltenders
Starting : Jonathan Bernier
Backup : Chet Pickard
Extra Forwards
Normal : Jason Spezza, Mike Cammalleri, Sean Monahan - PP : Jason Spezza, Mike Cammalleri - PK : Jason Spezza
Extra Defensemen
Normal : PK Subban, Victor Hedman, Alexei Marchenko - PP : PK Subban - PK : Victor Hedman, PK Subban
Penalty Shots
Jason Spezza, Mike Cammalleri, Mark Stone, Patrick Sharp, Victor Hedman
Scratches
Antoine Vermette (Healthy), Kevin Connauton (Healthy), Robert Hagg (Healthy), Roman Josi (Healthy)
Sharks
5 vs 5 Forward
Center Left Wing Right Wing Time % Phy DF OF
1 Gilbert Brule Nick Palmieri Corey Perry 40 1 2 2
2 Brandon Dubinsky Milan Michalek David Booth 30 1 2 2
3 Boone Jenner Zach Boychuk Bobby Butler 20 1 2 2
4 Corban Knight David Booth Oskar Osala 10 1 2 2
5 vs 5 Defense
Defense Defense Time % Phy DF OF
1 Drew Doughty Dion Phaneuf 40 1 2 2
2 Tyler Cuma Karl Alzner 30 1 2 2
3 Steve Eminger Brayden McNabb 20 2 2 1
4 Patrick Wey Drew Doughty 10 1 2 2
PowerPlay Forward
Center Left Wing Right Wing Time % Phy DF OF
1 Gilbert Brule Nick Palmieri Corey Perry 60 1 2 2
2 Brandon Dubinsky Milan Michalek David Booth 40 1 2 2
PowerPlay Defense
Defense Defense Time % Phy DF OF
1 Drew Doughty Dion Phaneuf 60 1 2 2
2 Tyler Cuma Karl Alzner 40 1 2 2
Penalty Kill 4 Players Forward
Center Wing Time % Phy DF OF
1 Gilbert Brule David Booth 60 2 3 0
2 Brandon Dubinsky Milan Michalek 40 2 3 0
Penalty Kill 4 Players Defense
Defense Defense Time % Phy DF OF
1 Drew Doughty Dion Phaneuf 60 2 3 0
2 Tyler Cuma Karl Alzner 40 2 3 0
Penalty Kill - 3 Players Forward
Forward Time % Phy DF OF
1 Gilbert Brule 60 2 3 0
2 Brandon Dubinsky 40 2 3 0
Penalty Kill - 3 Players Defense
Defense Defense Time % Phy DF OF
1 Drew Doughty Dion Phaneuf 60 2 3 0
2 Tyler Cuma Karl Alzner 40 2 3 0
4 vs 4 Forward
Center Wing Time % Phy DF OF
1 Gilbert Brule David Booth 60 1 2 2
2 Brandon Dubinsky Nick Palmieri 40 1 2 2
4 vs 4 Defense
Defense Defense Time % Phy DF OF
1 Drew Doughty Dion Phaneuf 60 1 2 2
2 Tyler Cuma Karl Alzner 40 1 2 2
Last Minutes Offensive
Center Left Wing Right Wing Defense Defense
Gilbert Brule Nick Palmieri Corey Perry Drew Doughty Dion Phaneuf
Last Minutes Defensive
Center Left Wing Right Wing Defense Defense
Gilbert Brule David Booth Corey Perry Drew Doughty Dion Phaneuf
Goaltenders
Starting : Ryan Miller
Backup : Keith Kinkaid
Extra Forwards
Normal : Milan Michalek, Brandon Dubinsky, Boone Jenner - PP : Milan Michalek, Brandon Dubinsky - PK : Milan Michalek
Extra Defensemen
Normal : Steve Eminger, Brayden McNabb, Patrick Wey - PP : Steve Eminger - PK : Steve Eminger, Brayden McNabb
Penalty Shots
Corey Perry, Gilbert Brule, Nick Palmieri, David Booth, Milan Michalek
Scratches
J.T. Brown (Healthy)
% Time on Ice - Capitals
Lines # - Real PCT - Wanted PCT - Time Play
Normal Forward
1 - 36% - 35% - 17:26
2 - 24% - 25% - 11:50
3 - 20% - 20% - 9:36
4 - 20% - 20% - 9:45
Normal Defense
1 - 40% - 40% - 19:23
2 - 34% - 30% - 16:27
3 - 23% - 20% - 10:59
4 - 4% - 10% - 1:48
PP Forward
1 - 65% - 60% - 3:51
2 - 35% - 40% - 2:06
PP Defense
1 - 74% - 60% - 4:25
2 - 26% - 40% - 1:32
PK Forward
1 - 81% - 60% - 3:41
2 - 19% - 40% - 0:53
PK Defense
1 - 64% - 60% - 2:54
2 - 36% - 40% - 1:40
PK3 Forward
1 - 0% - 60%
2 - 0% - 40%
PK3 Defense
1 - 0% - 60%
2 - 0% - 40%
44 Forward
1 - 0% - 60%
2 - 0% - 40%
44 Defense
1 - 0% - 60%
2 - 0% - 40%
Last Minute Offensive - 0:00
Last Minute Defensive - 0:52
Total
Forward - 60:00
Defense - 60:00
|
% Time on Ice - Sharks
Lines # - Real PCT - Wanted PCT - Time Play
Normal Forward
1 - 37% - 40% - 18:09
2 - 27% - 30% - 13:00
3 - 24% - 20% - 11:47
4 - 12% - 10% - 5:44
Normal Defense
1 - 40% - 40% - 19:30
2 - 31% - 30% - 15:17
3 - 19% - 20% - 9:28
4 - 9% - 10% - 4:25
PP Forward
1 - 52% - 60% - 2:22
2 - 48% - 40% - 2:12
PP Defense
1 - 47% - 60% - 2:10
2 - 53% - 40% - 2:24
PK Forward
1 - 81% - 60% - 4:50
2 - 19% - 40% - 1:07
PK Defense
1 - 65% - 60% - 3:51
2 - 35% - 40% - 2:06
PK3 Forward
1 - 0% - 60%
2 - 0% - 40%
PK3 Defense
1 - 0% - 60%
2 - 0% - 40%
44 Forward
1 - 0% - 60%
2 - 0% - 40%
44 Defense
1 - 0% - 60%
2 - 0% - 40%
Last Minute Offensive - 0:49
Last Minute Defensive - 0:00
Total
Forward - 60:00
Defense - 60:00
|
Play-by-Play
1st period
0:01 of 1st period - Jason Spezza wins face-off versus Gilbert Brule in neutral zone.
0:06 of 1st period - Dion Phaneuf is hit by Mike Cammalleri and loses puck.
0:11 of 1st period - Snap shot by Jason Spezza.
0:11 of 1st period - Deflect By Steve Bernier.
0:11 of 1st period - Stopped by Ryan Miller with a rebound.
0:13 of 1st period - Snap shot by Steve Bernier.
0:13 of 1st period - Shot Misses the Net.
0:25 of 1st period - Brandon Dubinsky is hit by PK Subban and loses puck.
0:48 of 1st period - Wrist shot by Brandon Dubinsky.
0:48 of 1st period - Shot Misses the Net.
0:54 of 1st period - Dion Phaneuf is hit by William Karlsson and loses puck.
1:31 of 1st period - Slapshot by Sean Monahan.
1:31 of 1st period - Shot Blocked by Drew Doughty.
1:33 of 1st period - Snap shot by Mark Stone.
1:33 of 1st period - Goal by Mark Stone - Capitals : 1 - Sharks : 0.
1:34 of 1st period - Jason Spezza wins face-off versus Brandon Dubinsky in neutral zone.
2:08 of 1st period - Snap shot by Corey Perry.
2:08 of 1st period - Shot Misses the Net.
2:28 of 1st period - Backhand shot by T.J. Oshie.
2:28 of 1st period - Shot Misses the Net.
2:30 of 1st period - Slapshot by T.J. Oshie.
2:30 of 1st period - Stopped by Ryan Miller with a rebound.
2:34 of 1st period - Snap shot by Patrick Sharp.
2:34 of 1st period - Stopped by Ryan Miller without a rebound.
2:35 of 1st period - Brandon Dubinsky wins face-off versus Jason Spezza in Sharks zone.
2:35 of 1st period - Brandon Dubinsky is hit by Mike Cammalleri.
2:41 of 1st period - Slapshot by David Booth.
2:41 of 1st period - Shot Hit the Post.
2:43 of 1st period - Slapshot by David Booth.
2:43 of 1st period - Shot Misses the Net.
3:24 of 1st period - Wrist shot by T.J. Oshie.
3:24 of 1st period - Stopped by Ryan Miller without a rebound.
3:25 of 1st period - Boone Jenner wins face-off versus William Karlsson in Sharks zone.
3:42 of 1st period - Wrist shot by Boone Jenner.
3:42 of 1st period - Deflect By Bobby Butler.
3:42 of 1st period - Shot Blocked by Patrick Sharp.
3:42 of 1st period - Puck is out of play.
3:43 of 1st period - Jason Spezza wins face-off versus Corban Knight in Capitals zone.
3:52 of 1st period - Snap shot by Jason Spezza.
3:52 of 1st period - Shot Misses the Net.
4:08 of 1st period - Blake Pietila is hit by Corey Perry.
4:18 of 1st period - Slapshot by Nick Palmieri.
4:18 of 1st period - Stopped by Jonathan Bernier without a rebound.
4:19 of 1st period - Brandon Dubinsky wins face-off versus Brad Richardson in Capitals zone.
5:34 of 1st period - Snap shot by David Booth.
5:34 of 1st period - Stopped by Jonathan Bernier with a rebound.
5:36 of 1st period - Slapshot by Karl Alzner.
5:36 of 1st period - Stopped by Jonathan Bernier without a rebound.
5:37 of 1st period - Jason Spezza wins face-off versus Gilbert Brule in Capitals zone.
5:50 of 1st period - Wrist shot by Mike Cammalleri.
5:50 of 1st period - Shot Misses the Net.
5:52 of 1st period - Snap shot by Jason Spezza.
5:52 of 1st period - Goal by Jason Spezza - Capitals : 2 - Sharks : 0.
5:53 of 1st period - Brad Richardson wins face-off versus Brandon Dubinsky in neutral zone.
5:58 of 1st period - Backhand shot by PK Subban.
5:58 of 1st period - Shot Misses the Net.
6:00 of 1st period - Backhand shot by PK Subban.
6:00 of 1st period - Shot Blocked by Milan Michalek.
6:41 of 1st period - Snap shot by Boone Jenner.
6:41 of 1st period - Stopped by Jonathan Bernier without a rebound.
6:42 of 1st period - Sean Monahan wins face-off versus Boone Jenner in Capitals zone.
7:01 of 1st period - Snap shot by Bobby Butler.
7:01 of 1st period - Stopped by Jonathan Bernier with a rebound.
7:14 of 1st period - Wrist shot by Sean Monahan.
7:14 of 1st period - Stopped by Ryan Miller with a rebound.
7:16 of 1st period - Wrist shot by PK Subban.
7:16 of 1st period - Shot Misses the Net.
7:18 of 1st period - Slapshot by PK Subban.
7:18 of 1st period - Shot Blocked by Karl Alzner.
7:20 of 1st period - Slapshot by PK Subban.
7:20 of 1st period - Stopped by Ryan Miller without a rebound.
7:21 of 1st period - Jason Spezza wins face-off versus Brandon Dubinsky in Sharks zone.
7:22 of 1st period - Snap shot by Steve Bernier.
7:22 of 1st period - Shot Misses the Net.
7:24 of 1st period - Snap shot by Mike Cammalleri.
7:24 of 1st period - Deflect By Jason Spezza.
7:24 of 1st period - Goal by Jason Spezza - Capitals : 3 - Sharks : 0.
7:25 of 1st period - Brandon Dubinsky wins face-off versus Jason Spezza in neutral zone.
7:35 of 1st period - Minor Penalty to Jason Spezza for High sticking.
7:36 of 1st period - Brad Richardson wins face-off versus Gilbert Brule in Capitals zone.
9:35 of 1st period - Penalty to Jason Spezza is over, Jason Spezza is back on ice.
10:01 of 1st period - Cameron Gaunce is hit by Oskar Osala and loses puck.
10:14 of 1st period - Bobby Butler is hit by T.J. Oshie and loses puck.
10:47 of 1st period - Tyler Cuma is hit by Sean Monahan.
11:41 of 1st period - Snap shot by Blake Pietila.
11:41 of 1st period - Stopped by Ryan Miller with a rebound.
11:43 of 1st period - Slapshot by PK Subban.
11:43 of 1st period - Shot Misses the Net.
12:37 of 1st period - Trevor Daley is hit by Gilbert Brule and loses puck.
13:13 of 1st period - Snap shot by Dustin Brown.
13:13 of 1st period - Shot Blocked by Nick Palmieri.
13:31 of 1st period - Slapshot by Victor Hedman.
13:31 of 1st period - Stopped by Ryan Miller without a rebound.
13:32 of 1st period - Boone Jenner wins face-off versus Jason Spezza in Sharks zone.
13:32 of 1st period - Boone Jenner is hit by Mike Cammalleri.
14:18 of 1st period - Wrist shot by Milan Michalek.
14:18 of 1st period - Stopped by Jonathan Bernier without a rebound.
14:19 of 1st period - Brandon Dubinsky wins face-off versus Sean Monahan in Capitals zone.
14:20 of 1st period - Snap shot by Milan Michalek.
14:20 of 1st period - Stopped by Jonathan Bernier without a rebound.
14:21 of 1st period - Sean Monahan wins face-off versus Brandon Dubinsky in Capitals zone.
14:53 of 1st period - Slapshot by Brandon Dubinsky.
14:53 of 1st period - Stopped by Jonathan Bernier with a rebound.
14:55 of 1st period - Slapshot by Tyler Cuma.
14:55 of 1st period - Shot Blocked by PK Subban.
15:40 of 1st period - Slapshot by Blake Pietila.
15:40 of 1st period - Deflect By Karl Alzner.
15:40 of 1st period - Shot Misses the Net.
15:40 of 1st period - Puck is out of play.
15:41 of 1st period - Gilbert Brule wins face-off versus Jason Spezza in Sharks zone.
16:40 of 1st period - Wrist shot by Brad Richardson.
16:40 of 1st period - Goal by Brad Richardson - Capitals : 4 - Sharks : 0.
16:40 of 1st period - Keith Kinkaid enters game.
16:41 of 1st period - Jason Spezza wins face-off versus Gilbert Brule in neutral zone.
16:51 of 1st period - Icing by Nick Palmieri.
16:52 of 1st period - Jason Spezza wins face-off versus Gilbert Brule in Sharks zone.
17:36 of 1st period - Wrist shot by Dion Phaneuf.
17:36 of 1st period - Deflect By Samuel Morin.
17:36 of 1st period - Stopped by Jonathan Bernier with a rebound.
18:33 of 1st period - Icing by Cameron Gaunce.
18:34 of 1st period - Sean Monahan wins face-off versus Brandon Dubinsky in Capitals zone.
18:34 of 1st period - Sean Monahan is hit by Karl Alzner.
19:10 of 1st period - Snap shot by Boone Jenner.
19:10 of 1st period - Stopped by Jonathan Bernier without a rebound.
19:11 of 1st period - Jason Spezza wins face-off versus Brandon Dubinsky in Capitals zone.
19:45 of 1st period - Wrist shot by Bobby Butler.
19:45 of 1st period - Stopped by Jonathan Bernier without a rebound.
19:46 of 1st period - David Booth wins face-off versus Jason Spezza in Capitals zone.
19:47 of 1st period - Wrist shot by Brandon Dubinsky.
19:47 of 1st period - Stopped by Jonathan Bernier with a rebound.
19:49 of 1st period - Snap shot by David Booth.
19:49 of 1st period - Stopped by Jonathan Bernier without a rebound.
19:50 of 1st period - Brandon Dubinsky wins face-off versus Jason Spezza in Capitals zone.
19:53 of 1st period - Snap shot by Milan Michalek.
19:53 of 1st period - Shot Misses the Net.
Goals for this period are 4 for Capitals vs 0 for Sharks.
Shots for this period are 12 for Capitals vs 13 for Sharks.
2nd period
0:01 of 2nd period - Jason Spezza wins face-off versus Gilbert Brule in neutral zone.
0:07 of 2nd period - Off-side.
0:08 of 2nd period - Gilbert Brule wins face-off versus Jason Spezza in neutral zone.
0:59 of 2nd period - Snap shot by Boone Jenner.
0:59 of 2nd period - Stopped by Jonathan Bernier with a rebound.
1:35 of 2nd period - Wrist shot by Jason Spezza.
1:35 of 2nd period - Stopped by Keith Kinkaid with a rebound.
1:37 of 2nd period - Slapshot by Steve Bernier.
1:37 of 2nd period - Goal by Steve Bernier - Capitals : 5 - Sharks : 0.
1:38 of 2nd period - Jason Spezza wins face-off versus Gilbert Brule in neutral zone.
1:45 of 2nd period - Snap shot by Corey Perry.
1:45 of 2nd period - Deflect By Jason Spezza.
1:45 of 2nd period - Goal by Corey Perry - Capitals : 5 - Sharks : 1.
1:46 of 2nd period - Jason Spezza wins face-off versus Gilbert Brule in neutral zone.
1:49 of 2nd period - Snap shot by Steve Bernier.
1:49 of 2nd period - Stopped by Keith Kinkaid without a rebound.
1:50 of 2nd period - Gilbert Brule wins face-off versus Jason Spezza in Sharks zone.
2:30 of 2nd period - Backhand shot by Jason Spezza.
2:30 of 2nd period - Stopped by Keith Kinkaid with a rebound.
2:50 of 2nd period - Snap shot by Jason Spezza.
2:50 of 2nd period - Shot Misses the Net.
3:02 of 2nd period - Snap shot by Jason Spezza.
3:02 of 2nd period - Shot Misses the Net.
3:34 of 2nd period - Icing by Cameron Gaunce.
3:35 of 2nd period - Brandon Dubinsky wins face-off versus Jason Spezza in Capitals zone.
4:23 of 2nd period - Off-side.
4:24 of 2nd period - Brad Richardson wins face-off versus Corban Knight in neutral zone.
5:02 of 2nd period - Slapshot by Zach Boychuk.
5:02 of 2nd period - Shot Blocked by PK Subban.
5:04 of 2nd period - Wrist shot by Boone Jenner.
5:04 of 2nd period - Stopped by Jonathan Bernier with a rebound.
5:33 of 2nd period - Off-side.
5:34 of 2nd period - Brad Richardson wins face-off versus Corban Knight in neutral zone.
5:44 of 2nd period - Off-side.
5:45 of 2nd period - William Karlsson wins face-off versus Nick Palmieri in neutral zone.
5:56 of 2nd period - Wrist shot by Patrick Sharp.
5:56 of 2nd period - Shot Misses the Net.
6:17 of 2nd period - Slapshot by Drew Doughty.
6:17 of 2nd period - Stopped by Jonathan Bernier with a rebound.
7:22 of 2nd period - Slapshot by Drew Doughty.
7:22 of 2nd period - Stopped by Jonathan Bernier with a rebound.
7:54 of 2nd period - Steve Eminger is hit by Samuel Morin and loses puck.
8:21 of 2nd period - Snap shot by Dustin Brown.
8:21 of 2nd period - Shot Blocked by Steve Eminger.
8:23 of 2nd period - Slapshot by Jared Spurgeon.
8:23 of 2nd period - Stopped by Keith Kinkaid without a rebound.
8:24 of 2nd period - Sean Monahan wins face-off versus Gilbert Brule in Sharks zone.
8:45 of 2nd period - Minor Penalty to Nick Palmieri for Hooking.
8:46 of 2nd period - Gilbert Brule wins face-off versus Jason Spezza in Sharks zone.
9:41 of 2nd period - Jason Spezza is hit by Karl Alzner and loses puck.
10:45 of 2nd period - Penalty to Nick Palmieri is over, Nick Palmieri is back on ice.
11:06 of 2nd period - Minor Penalty to Nick Palmieri for Interference.
11:07 of 2nd period - David Booth wins face-off versus Sean Monahan in Sharks zone.
12:02 of 2nd period - Karl Alzner is hit by Jason Spezza and loses puck.
13:06 of 2nd period - Penalty to Nick Palmieri is over, Nick Palmieri is back on ice.
13:22 of 2nd period - Snap shot by Boone Jenner.
13:22 of 2nd period - Shot Blocked by Victor Hedman.
13:24 of 2nd period - Snap shot by Drew Doughty.
13:24 of 2nd period - Deflect By Nick Palmieri.
13:24 of 2nd period - Shot Hit the Post.
13:24 of 2nd period - Puck is out of play.
13:25 of 2nd period - Gilbert Brule wins face-off versus William Karlsson in Capitals zone.
13:26 of 2nd period - Slapshot by Corey Perry.
13:26 of 2nd period - Stopped by Jonathan Bernier with a rebound.
13:45 of 2nd period - Slapshot by Corban Knight.
13:45 of 2nd period - Stopped by Jonathan Bernier without a rebound.
13:46 of 2nd period - Sean Monahan wins face-off versus Corban Knight in Capitals zone.
13:48 of 2nd period - Minor Penalty to Trevor Daley for Interference.
13:49 of 2nd period - Gilbert Brule wins face-off versus Jason Spezza in Capitals zone.
14:33 of 2nd period - Brandon Dubinsky is hit by Jason Spezza and loses puck.
14:44 of 2nd period - Samuel Morin is hit by Tyler Cuma and loses puck.
14:59 of 2nd period - Slapshot by Tyler Cuma.
14:59 of 2nd period - Stopped by Jonathan Bernier without a rebound.
15:00 of 2nd period - Gilbert Brule wins face-off versus Sean Monahan in Capitals zone.
15:01 of 2nd period - Wrist shot by Drew Doughty.
15:01 of 2nd period - Deflect By Corey Perry.
15:01 of 2nd period - Shot Misses the Net.
15:01 of 2nd period - Puck is out of play.
15:02 of 2nd period - Jason Spezza wins face-off versus Gilbert Brule in Capitals zone.
15:07 of 2nd period - Nick Palmieri is hit by Samuel Morin and loses puck.
15:48 of 2nd period - Penalty to Trevor Daley is over, Trevor Daley is back on ice.
16:06 of 2nd period - Patrick Sharp is hit by Boone Jenner and loses puck.
16:13 of 2nd period - Wrist shot by Boone Jenner.
16:13 of 2nd period - Shot Blocked by Jared Spurgeon.
16:15 of 2nd period - Snap shot by Zach Boychuk.
16:15 of 2nd period - Deflect By Bobby Butler.
16:15 of 2nd period - Goal by Bobby Butler - Capitals : 5 - Sharks : 2.
16:16 of 2nd period - Jason Spezza wins face-off versus Brandon Dubinsky in neutral zone.
16:36 of 2nd period - Victor Hedman is hit by David Booth and loses puck.
16:40 of 2nd period - Icing by Victor Hedman.
16:41 of 2nd period - Gilbert Brule wins face-off versus Jason Spezza in Capitals zone.
17:02 of 2nd period - Snap shot by Jason Spezza.
17:02 of 2nd period - Stopped by Keith Kinkaid without a rebound.
17:03 of 2nd period - Brandon Dubinsky wins face-off versus Sean Monahan in Sharks zone.
17:03 of 2nd period - Brandon Dubinsky is hit by Blake Pietila.
17:09 of 2nd period - Snap shot by Dion Phaneuf.
17:09 of 2nd period - Stopped by Jonathan Bernier without a rebound.
17:10 of 2nd period - Sean Monahan wins face-off versus Brandon Dubinsky in Capitals zone.
17:42 of 2nd period - Wrist shot by Mark Stone.
17:42 of 2nd period - Deflect By Blake Pietila.
17:42 of 2nd period - Stopped by Keith Kinkaid without a rebound.
17:43 of 2nd period - Gilbert Brule wins face-off versus Jason Spezza in Sharks zone.
18:31 of 2nd period - Slapshot by Dustin Brown.
18:31 of 2nd period - Shot Blocked by Corban Knight.
18:43 of 2nd period - Minor Penalty to Oskar Osala for Tripping.
18:44 of 2nd period - Mike Cammalleri wins face-off versus Gilbert Brule in Sharks zone.
18:47 of 2nd period - Slapshot by Jason Spezza.
18:47 of 2nd period - Stopped by Keith Kinkaid without a rebound.
18:48 of 2nd period - Jason Spezza wins face-off versus Gilbert Brule in Sharks zone.
18:51 of 2nd period - Snap shot by Jason Spezza.
18:51 of 2nd period - Stopped by Keith Kinkaid without a rebound.
18:52 of 2nd period - Jason Spezza wins face-off versus Gilbert Brule in Sharks zone.
19:25 of 2nd period - Wrist shot by Jason Spezza.
19:25 of 2nd period - Shot Blocked by Brandon Dubinsky.
19:55 of 2nd period - Wrist shot by T.J. Oshie.
19:55 of 2nd period - Deflect By Sean Monahan.
19:55 of 2nd period - Stopped by Keith Kinkaid without a rebound.
19:56 of 2nd period - Sean Monahan wins face-off versus Brandon Dubinsky in Sharks zone.
Goals for this period are 1 for Capitals vs 2 for Sharks.
Shots for this period are 10 for Capitals vs 10 for Sharks.
3rd period
0:01 of 3rd period - Gilbert Brule wins face-off versus Jason Spezza in neutral zone.
0:14 of 3rd period - Wrist shot by Jason Spezza.
0:14 of 3rd period - Stopped by Keith Kinkaid without a rebound.
0:15 of 3rd period - Gilbert Brule wins face-off versus Jason Spezza in Sharks zone.
0:42 of 3rd period - Drew Doughty is hit by Blake Pietila and loses puck.
0:43 of 3rd period - Penalty to Oskar Osala is over, Oskar Osala is back on ice.
0:51 of 3rd period - Snap shot by T.J. Oshie.
0:51 of 3rd period - Stopped by Keith Kinkaid with a rebound.
1:45 of 3rd period - Gilbert Brule is hit by Blake Pietila and loses puck.
2:34 of 3rd period - Snap shot by Samuel Morin.
2:34 of 3rd period - Deflect By Dustin Brown.
2:34 of 3rd period - Stopped by Keith Kinkaid with a rebound.
2:40 of 3rd period - Snap shot by Dustin Brown.
2:40 of 3rd period - Stopped by Keith Kinkaid without a rebound.
2:41 of 3rd period - Boone Jenner wins face-off versus Jason Spezza in Sharks zone.
3:06 of 3rd period - Milan Michalek is hit by Sean Monahan and loses puck.
3:24 of 3rd period - Icing by Jared Spurgeon.
3:25 of 3rd period - Gilbert Brule wins face-off versus Blake Pietila in Capitals zone.
3:34 of 3rd period - Wrist shot by Drew Doughty.
3:34 of 3rd period - Stopped by Jonathan Bernier with a rebound.
3:36 of 3rd period - Slapshot by Drew Doughty.
3:36 of 3rd period - Shot Blocked by Trevor Daley.
3:38 of 3rd period - Snap shot by Corey Perry.
3:38 of 3rd period - Shot Misses the Net.
3:40 of 3rd period - Snap shot by Gilbert Brule.
3:40 of 3rd period - Shot Hit the Post.
3:42 of 3rd period - Snap shot by Corey Perry.
3:42 of 3rd period - Goal by Corey Perry - Capitals : 5 - Sharks : 3.
3:43 of 3rd period - Steve Bernier wins face-off versus Gilbert Brule in neutral zone.
3:56 of 3rd period - Wrist shot by Steve Bernier.
3:56 of 3rd period - Deflect By Jason Spezza.
3:56 of 3rd period - Shot Misses the Net.
3:56 of 3rd period - Puck is out of play.
3:57 of 3rd period - Jason Spezza wins face-off versus Gilbert Brule in Sharks zone.
4:00 of 3rd period - Wrist shot by Jason Spezza.
4:00 of 3rd period - Stopped by Keith Kinkaid with a rebound.
4:32 of 3rd period - Wrist shot by Zach Boychuk.
4:32 of 3rd period - Stopped by Jonathan Bernier without a rebound.
4:33 of 3rd period - Gilbert Brule wins face-off versus Patrick Sharp in Capitals zone.
4:46 of 3rd period - Slapshot by William Karlsson.
4:46 of 3rd period - Shot Misses the Net.
4:48 of 3rd period - Snap shot by Patrick Sharp.
4:48 of 3rd period - Shot Blocked by Tyler Cuma.
4:58 of 3rd period - Mark Stone is hit by Tyler Cuma and loses puck.
5:05 of 3rd period - Snap shot by Milan Michalek.
5:05 of 3rd period - Goal by Milan Michalek - Capitals : 5 - Sharks : 4.
5:06 of 3rd period - Gilbert Brule wins face-off versus Jason Spezza in neutral zone.
5:21 of 3rd period - Slapshot by Victor Hedman.
5:21 of 3rd period - Shot Misses the Net.
5:31 of 3rd period - Victor Hedman is hit by Drew Doughty and loses puck.
5:42 of 3rd period - Slapshot by Tyler Cuma.
5:42 of 3rd period - Deflect By Victor Hedman.
5:42 of 3rd period - Stopped by Jonathan Bernier without a rebound.
5:43 of 3rd period - Jason Spezza wins face-off versus David Booth in Capitals zone.
6:09 of 3rd period - Icing by Mike Cammalleri.
6:10 of 3rd period - Jason Spezza wins face-off versus Boone Jenner in Capitals zone.
6:10 of 3rd period - Jason Spezza is hit by Zach Boychuk.
6:59 of 3rd period - Dion Phaneuf is hit by Brad Richardson and loses puck.
7:50 of 3rd period - Wrist shot by Gilbert Brule.
7:50 of 3rd period - Shot Misses the Net.
7:52 of 3rd period - Snap shot by Nick Palmieri.
7:52 of 3rd period - Shot Blocked by Victor Hedman.
8:02 of 3rd period - Mark Stone is hit by David Booth.
8:28 of 3rd period - Steve Bernier is hit by Boone Jenner and loses puck.
8:33 of 3rd period - Wrist shot by Zach Boychuk.
8:33 of 3rd period - Deflect By Boone Jenner.
8:33 of 3rd period - Stopped by Jonathan Bernier without a rebound.
8:34 of 3rd period - Boone Jenner wins face-off versus William Karlsson in Capitals zone.
8:45 of 3rd period - Slapshot by William Karlsson.
8:45 of 3rd period - Stopped by Keith Kinkaid without a rebound.
8:46 of 3rd period - Jason Spezza wins face-off versus Gilbert Brule in Sharks zone.
8:47 of 3rd period - Snap shot by Mike Cammalleri.
8:47 of 3rd period - Shot Blocked by Drew Doughty.
8:49 of 3rd period - Wrist shot by Steve Bernier.
8:49 of 3rd period - Stopped by Keith Kinkaid with a rebound.
8:51 of 3rd period - Slapshot by Cameron Gaunce.
8:51 of 3rd period - Stopped by Keith Kinkaid with a rebound.
8:53 of 3rd period - Wrist shot by Mike Cammalleri.
8:53 of 3rd period - Stopped by Keith Kinkaid without a rebound.
8:54 of 3rd period - Gilbert Brule wins face-off versus Jason Spezza in Sharks zone.
9:31 of 3rd period - Snap shot by Jason Spezza.
9:31 of 3rd period - Goal by Jason Spezza - Capitals : 6 - Sharks : 4.
9:32 of 3rd period - Brandon Dubinsky wins face-off versus Sean Monahan in neutral zone.
9:59 of 3rd period - Drew Doughty is hit by Jason Spezza and loses puck.
10:26 of 3rd period - Boone Jenner is hit by T.J. Oshie and loses puck.
10:47 of 3rd period - Slapshot by Samuel Morin.
10:47 of 3rd period - Shot Blocked by David Booth.
10:49 of 3rd period - Wrist shot by Samuel Morin.
10:49 of 3rd period - Deflect By Brad Richardson.
10:49 of 3rd period - Stopped by Keith Kinkaid without a rebound.
10:50 of 3rd period - Gilbert Brule wins face-off versus Jason Spezza in Sharks zone.
11:07 of 3rd period - Slapshot by Nick Palmieri.
11:07 of 3rd period - Stopped by Jonathan Bernier without a rebound.
11:08 of 3rd period - Brandon Dubinsky wins face-off versus Sean Monahan in Capitals zone.
11:19 of 3rd period - Wrist shot by Milan Michalek.
11:19 of 3rd period - Stopped by Jonathan Bernier without a rebound.
11:20 of 3rd period - Brandon Dubinsky wins face-off versus Jason Spezza in Capitals zone.
12:30 of 3rd period - William Karlsson is hit by David Booth and loses puck.
12:47 of 3rd period - Minor Penalty to Patrick Sharp for Hooking.
12:48 of 3rd period - Gilbert Brule wins face-off versus Jason Spezza in Capitals zone.
13:21 of 3rd period - Slapshot by Karl Alzner.
13:21 of 3rd period - Shot Blocked by PK Subban.
13:23 of 3rd period - Wrist shot by Brandon Dubinsky.
13:23 of 3rd period - Goal by Brandon Dubinsky - Capitals : 6 - Sharks : 5.
13:24 of 3rd period - Jason Spezza wins face-off versus Gilbert Brule in neutral zone.
14:01 of 3rd period - Snap shot by Mark Stone.
14:01 of 3rd period - Stopped by Keith Kinkaid with a rebound.
14:19 of 3rd period - T.J. Oshie is hit by Zach Boychuk.
15:09 of 3rd period - Oskar Osala is hit by Victor Hedman and loses puck.
15:22 of 3rd period - Wrist shot by Blake Pietila.
15:22 of 3rd period - Shot Misses the Net.
15:59 of 3rd period - Slapshot by Dustin Brown.
15:59 of 3rd period - Shot Blocked by Tyler Cuma.
16:01 of 3rd period - Snap shot by Samuel Morin.
16:01 of 3rd period - Shot Misses the Net.
16:03 of 3rd period - Slapshot by Alexei Marchenko.
16:03 of 3rd period - Stopped by Keith Kinkaid with a rebound.
16:05 of 3rd period - Slapshot by Alexei Marchenko.
16:05 of 3rd period - Shot Misses the Net.
16:25 of 3rd period - Snap shot by Zach Boychuk.
16:25 of 3rd period - Shot Blocked by Cameron Gaunce.
16:27 of 3rd period - Slapshot by Boone Jenner.
16:27 of 3rd period - Stopped by Jonathan Bernier with a rebound.
16:41 of 3rd period - Snap shot by T.J. Oshie.
16:41 of 3rd period - Stopped by Keith Kinkaid with a rebound.
16:51 of 3rd period - Tyler Cuma is hit by Patrick Sharp and loses puck.
17:04 of 3rd period - Jared Spurgeon is hit by Gilbert Brule and loses puck.
18:50 of 3rd period - Bobby Butler is hit by Brad Richardson and loses puck.
19:01 of 3rd period - Brandon Dubinsky is hit by Samuel Morin and loses puck.
19:21 of 3rd period - Dustin Brown is hit by Brayden McNabb and loses puck.
19:36 of 3rd period - Wrist shot by Samuel Morin.
19:36 of 3rd period - Shot Blocked by Steve Eminger.
19:38 of 3rd period - Snap shot by PK Subban.
19:38 of 3rd period - Shot Misses the Net.
19:40 of 3rd period - Backhand shot by Dustin Brown.
19:40 of 3rd period - Stopped by Keith Kinkaid with a rebound.
19:42 of 3rd period - Snap shot by Victor Hedman.
19:42 of 3rd period - Shot Blocked by Steve Eminger.
19:44 of 3rd period - Wrist shot by Jason Spezza.
19:44 of 3rd period - Stopped by Keith Kinkaid with a rebound.
19:46 of 3rd period - Wrist shot by Dustin Brown.
19:46 of 3rd period - Deflect By Brayden McNabb.
19:46 of 3rd period - Stopped by Keith Kinkaid with a rebound.
19:52 of 3rd period - Snap shot by Jason Spezza.
19:52 of 3rd period - Shot Misses the Net.
19:54 of 3rd period - Wrist shot by Dustin Brown.
19:54 of 3rd period - Stopped by Keith Kinkaid with a rebound.
19:56 of 3rd period - Snap shot by Samuel Morin.
19:56 of 3rd period - Shot Misses the Net.
Goals for this period are 1 for Capitals vs 3 for Sharks.
Shots for this period are 18 for Capitals vs 10 for Sharks.
Output by the SimonT Hockey Simulator (STHS) for Francois Prevost